 Dungeon Crawl Stone Soup version 0.23.2 (webtiles) character file.

Game seed: 5712744167232050616

326 sagitran the Slasher (level 6, -7/72 HPs)
             Began as a Demonspawn Chaos Knight on Mar 31, 2019.
             Was a Plaything of Xom.
             Mangled by a troll (9 damage)
             ... on level 4 of the Dungeon.
             The game lasted 00:10:06 (1826 turns).

sagitran the Slasher (Demonspawn Chaos Knight)      Turns: 1826, Time: 00:10:07

Health: -7/72      AC: 23    Str: 19    XL:     6   Next: 24%
Magic:  6/6        EV:  2    Int: 11    God:    Xom [...*..]
Gold:   186        SH:  0    Dex: 13    Spells: 5/5 levels left

rFire    . . .     SeeInvis +   a - +0 falchion (chaos)
rCold    . . .     Gourm    .   (no shield)
rNeg     + + +     Faith    .   (armour currently unavailable)
rPois    +         Spirit   .   (helmet currently unavailable)
rElec    .         Reflect  .   (cloak currently unavailable)
rCorr    +         Harm     .   (gloves currently unavailable)
MR       +....     NoTele   +   (boots currently unavailable)
Stlth    +.........             (no amulet)
HPRegen  0.22/turn              h - ring of resist corrosion
MPRegen  0.10/turn              k - ring of see invisible

@: mighty, tree-form
A: dopey 1, magic resistance 1, powered by death 1
a: Renounce Religion


You were on level 4 of the Dungeon.
You worshipped Xom.
You were a favourite toy of Xom.
You were not hungry.
You were a tree.
You visited 1 branch of the dungeon, and saw 4 of its levels.

You collected 186 gold pieces.

Inventory:

Hand Weapons
 a - a +0 falchion of chaos (weapon)
 p - the +9 quarterstaff "Xobijire" {freeze, rN+ MR+ Int+2 Stlth-}
   (You found it on level 4 of the Dungeon)

   It has been specially enchanted to freeze those struck by it, causing extra
   injury to most foes and up to half again as much damage against particularly
   susceptible opponents.
   It can also slow down cold-blooded creatures.
   It affects your intelligence (+2).
   It protects you from negative energy.
   It affects your resistance to hostile enchantments.
   It makes you less stealthy.
Missiles
 r - 2 poisoned tomahawks (quivered)
Armour
 b - a +2 leather armour (melded)
Jewellery
 h - a ring of resist corrosion (left branch)
 j - an uncursed ring of wizardry
 k - a ring of see invisible (right branch)
Scrolls
 e - a scroll of enchant weapon {unknown}
 f - 2 scrolls of blinking
 g - a scroll of immolation {unknown}
 l - a scroll of enchant armour {unknown}
 n - 2 scrolls of remove curse {unknown}
 q - a scroll of amnesia {unknown}
 t - a scroll of identify
Potions
 d - 2 potions of degeneration
 m - a potion of resistance
Comestibles
 c - 13 rations
 i - 7 chunks of flesh


   Skills:
 + Level 4.1 Fighting
 + Level 4.5 Long Blades
 + Level 3.3 Armour
 + Level 2.0 Dodging
 + Level 0.6 Stealth


You had 5 spell levels left.
You didn't know any spells.
Your spell library was empty.

Dungeon Overview and Level Annotations

Branches:
Dungeon (4/15)
 Temple: D:4-7

Altars:
Cheibriados
Dithmenos
Nemelex Xobeh
Okawaru

Annotations:
D:3 Sigmund


Innate Abilities, Weirdness & Mutations

((You have sharp fingernails.))
((You have razor-sharp toenails.))
You regenerate a little health from kills.
((Your skin changes colour to match your surroundings (Stealth+).))
You are dopey. (Int -2)
You are resistant to hostile enchantments. (MR+)


Message History

You detect nothing.
The troll bites you but does no damage.
The troll claws you but does no damage. x2
You slash the troll!
The troll is poisoned.
The troll is moderately wounded.
The troll bites you.
* * * LOW HITPOINT WARNING * * *
The troll claws you.
* * * LOW HITPOINT WARNING * * *
The troll claws you but does no damage.
You hit the troll. You drain the troll.
The troll is heavily wounded.
The troll bites you.
* * * LOW HITPOINT WARNING * * *
The troll claws you but does no damage. x2
You slash the troll!
The troll goes berserk!
Xom is highly amused!
The troll is heavily wounded.
The troll bites you!
You die...
Xom chortles!

..........####
..............
..............
.............
.........## ##
.........# .#
.........# .#
.........########T##
................♣..#
..............>....#
............b......#
...................#
.#.....##.....b.....#
######..#...........#
##............##
#########...........#
...............######


You could see a troll (berserk).

Vanquished Creatures
  An orc wizard (D:3)
  3 orc priests
  A hound (D:4)
  Terence (D:2)
  5 adders
  3 oozes
  2 dart slugs
  3 leopard geckos
  12 orcs
  9 bats
  A giant cockroach (D:2)
  2 goblins
  15 hobgoblins
  3 quokkas (D:2)
  A ball python (D:3)
  6 frilled lizards
  7 kobolds
  A quokka skeleton (D:4)
  7 rats
83 creatures vanquished.

Notes
Turn   | Place    | Note
-------+----------+-------------------------------------------
     0 | D:1      | sagitran the Demonspawn Chaos Knight began the quest for
                  | the Orb.
     0 | D:1      | Reached XP level 1. HP: 18/18 MP: 1/1
    97 | D:1      | Gained mutation: You have sharp fingernails. [demonic
                  | ancestry]
    97 | D:1      | Reached XP level 2. HP: 15/24 MP: 2/2
   336 | D:2      | XOM: noise
   369 | D:2      | XOM: potion effect (brilliance)
   375 | D:2      | Gained mutation: You have sharp toenails. [demonic
                  | ancestry]
   375 | D:2      | Reached XP level 3. HP: 22/29 MP: 3/3
   410 | D:2      | Reached skill level 1 in Dodging
   619 | D:2      | Found an iron altar of Okawaru.
   620 | D:2      | Found a snail-covered altar of Cheibriados.
   624 | D:2      | Found a shadowy altar of Dithmenos.
   624 | D:2      | Found a sparkling altar of Nemelex Xobeh.
   635 | D:2      | Gained mutation: You have razor-sharp toenails. [demonic
                  | ancestry]
   635 | D:2      | Reached XP level 4. HP: 18/37 MP: 4/4
   707 | D:2      | Noticed Terence
   714 | D:2      | XOM: potion effect (curing)
   722 | D:2      | Killed Terence
   882 | D:2      | XOM: divination: detect items
  1026 | D:3      | Gained mutation: You regenerate a little health from kills.
                  | [demonic ancestry]
  1026 | D:3      | Reached XP level 5. HP: 40/42 MP: 5/5
  1271 | D:3      | XOM: harmless Air miscast
  1368 | D:3      | Noticed Sigmund
  1524 | D:4      | XOM: butterfly on damage
  1585 | D:4      | Reached XP level 6. HP: 25/48 MP: 6/6
  1651 | D:4      | Gained mutation: You are dopey. (Int -2) [potion of
                  | mutation]
  1651 | D:4      | Gained mutation: Your skin changes colour to match your
                  | surroundings (Stealth+). [potion of mutation]
  1651 | D:4      | Gained mutation: You are resistant to hostile enchantments.
                  | (MR+) [potion of mutation]
  1663 | D:4      | XOM: cast spell 'Leda's Liquefaction'
  1680 | D:4      | XOM: cloud trail
  1711 | D:4      | Got a fine quarterstaff
  1712 | D:4      | Identified the +9 quarterstaff "Xobijire" {freeze, rN+ MR+
                  | Int+2 Stlth-} (You found it on level 4 of the Dungeon)
  1819 | D:4      | Noticed a troll
  1820 | D:4      | XOM: butterfly on damage
  1823 | D:4      | XOM: divination: detect items
  1825 | D:4      | HP: 2/72 [troll (5)]
  1826 | D:4      | Mangled by a troll

Skill      XL: |  1  2  3  4  5  6 |
---------------+-------------------+-----
Armour         | 2 3 |  3.3
Long Blades    | 3 4 |  4.5
Dodging        | 1 2 |  2.0
Fighting       | 4 |  4.1
Stealth        | |  0.6

Action                   |  1- 3 |  4- 6 || total
-------------------------+-------+-------++-------
Melee: Falchion          |    85 |   132 ||   217
       Kick              |     6 |    31 ||    37
  Use: Scroll            |       |     7 ||     7
       Potion            |       |     5 ||     5
 Stab: Petrifying        |     1 |       ||     1
       Petrified         |       |     1 ||     1
       Paralysed         |       |     2 ||     2
  Eat: Ration            |       |     1 ||     1
Armor: Leather armour    |    38 |    48 ||    86
       Skin              |       |    10 ||    10
Dodge: Dodged            |    74 |   109 ||   183
       Rpst.: Falchion   |    21 |    25 ||    46
